 Dungeon Crawl Stone Soup version 0.28.0 (webtiles) character file.

Game seed: 2487267506678069342

161 themarg the Caller (level 5, -4/36 HPs)
             Began as a Merfolk Summoner on Feb 14, 2022.
             Slain by a sky beast (5 damage)
             ... on level 3 of the Dungeon.
             The game lasted 00:31:43 (5583 turns).

themarg the Caller (Merfolk Summoner)               Turns: 5583, Time: 00:31:44

Health: -4/36      AC:  5    Str:  8    XL:     5   Next: 42%
Magic:  3/9        EV: 13    Int: 17    God:
Gold:   81         SH:  0    Dex: 14    Spells: 3/10 levels left

rFire   . . .      SeeInvis .   f - +0 dagger
rCold   . . .      Faith    .   (no shield)
rNeg    . . .      Spirit   .   a - +0 robe
rPois   .          Reflect  .   (no helmet)
rElec   .          Harm     .   (no cloak)
rCorr   .          Rampage  .   i - +0 pair of gloves
Will    .....                   (no boots)
Stlth   +++.......              (no amulet)
HPRegen 0.12/turn               (no ring)
MPRegen 0.11/turn               (no ring)

@: brilliant
A: (nimble swimmer 2), mertail, iridescent scales 1, camouflage 1, sense
surroundings 1
a: no special abilities


You were on level 3 of the Dungeon.
You visited 1 branch of the dungeon, and saw 4 of its levels.

You collected 81 gold pieces.

Inventory:

Hand Weapons
 f - a +0 dagger (weapon)
Missiles
 d - 60 stones
 o - 7 poisoned darts
Armour
 a - a +0 robe (worn)
 i - a +0 pair of gloves (worn)
Magical Staves
 k - a staff of fire
Scrolls
 b - a scroll of magic mapping {unknown}
 c - 3 scrolls of identify {unknown}
 e - a scroll of blinking {unknown}
 g - a scroll of fear {unknown}
 l - 2 scrolls of holy word {unknown}
 n - a scroll of teleportation {unknown}
Potions
 h - 2 potions of lignification


   Skills:
 + Level 0.8 Fighting
 + Level 1.2 Short Blades
 + Level 3.0 Dodging
 + Level 3.2 Stealth
 + Level 0.4 Unarmed Combat
 + Level 3.2 Spellcasting
 + Level 5.0 Summonings


You had 3 spell levels left.
You knew the following spells:

 Your Spells              Type           Power      Damage    Failure   Level
a - Summon Small Mammal   Summ           100%       N/A       2%          1
b - Call Canine Familiar  Summ           29%        N/A       6%          3
c - Summon Guardian Gole  Hex/Summ       16%        N/A       19%         3

Your spell library contained the following spells:

 Spells                   Type           Power      Damage    Failure   Level
 Call Imp                 Summ           29%        N/A       3%          2
 Summon Lightning Spire   Summ/Air       16%        N/A       52%         4


Dungeon Overview and Level Annotations

Branches:
Dungeon (4/15)
 Temple: D:4-7

Altars:
Fedhas

Shops:
D:2 *

Annotations:
D:2 exclusion: downstairs
D:3 exclusion: downstairs, Natasha
D:4 Menkaure


Innate Abilities, Weirdness & Mutations

((You are very nimble when in or above water. (Stealth+, EV+, Speed+++)))
Your lower body shifts to a powerful aquatic tail in water.
You are partially covered in iridescent scales. (AC +2)
Your skin changes colour to match your surroundings (Stealth+).
You passively map a small area around you.


Message History

The magic dart hits you but does no damage.
Your hound bites something.
Something hits you but does no damage.
You barely miss Natasha.
Natasha is heavily wounded.
Your hound closely misses something.
Natasha completely misses you.
Your hound closely misses something.
A sky beast appears from thin air!
Reactivating autopickup.
The sky beast hits you.
* * * LOW HITPOINT WARNING * * *
The sky beast shocks you.
* * * LOW HITPOINT WARNING * * *
It was a potion of mutation.
You feel extremely strange.
Your skin functions as natural camouflage.
Iridescent scales grow over part of your body.
You feel a strange attunement to the structure of the dungeons.
Natasha claws you but does no damage.
Your hound barely misses the sky beast.
The sky beast flickers out of sight!
Deactivating autopickup; reactivate with Ctrl-A.
Something hits you but does no damage.
You hit Natasha.
Natasha is heavily wounded.
Your hound barely misses something.
Natasha claws you but does no damage.
Your hound bites something.
Something hits you but does no damage.
You hit Natasha but do no damage.
Natasha is heavily wounded.
Natasha barely misses you.
Your hound barely misses something.
You hit Natasha.
Natasha is heavily wounded.
Your hound barely misses something.
Something hits you but does no damage. Natasha claws you.
* * * LOW HITPOINT WARNING * * *
It was a potion of brilliance.
You feel clever all of a sudden.
You feel less wooden.
Your +0 pair of gloves unmelds from your body.
Your +0 robe unmelds from your body.
Your hound bites something but does no damage.
Something hits you.
* * * LOW HITPOINT WARNING * * *
Something shocks you.
You die...

##.## #.##.#.# ####.## #.#
#.##.#.# ####.## #.# #.##...#
#...... ##'## #.####.# #.##.## #
##...## #.####.# #.##.## #
##.....## #......####.##.## #
##.......## ##.###.##........
####.........####...##.##.#.#....
...'.........'9)@{...............
####.........##h#h>.##.##........
# ##......)###.##.###.######.##.
##.....## #.#####...# #.###
##...## #.# #.....# #.# ##'## #.#
#.#...# #.# ########.#
#.###.##.######.### .......#.#
#........# #......# ######.#.####
#####.#### #.##.#.#


You could see Natasha (ally target), a friendly guardian golem (summoned) and a
friendly hound (summoned, sheltered).

Vanquished Creatures
  A worm (D:2)
  A dart slug (D:3)
  A bat (D:3)
  2 endoplasms
  A giant cockroach (D:3)
  2 goblins
  3 hobgoblins
  A jackal (D:1)
  2 kobolds
  A quokka (D:3)
  2 frilled lizards
  5 rats
22 creatures vanquished.

Vanquished Creatures (collateral kills)
  A hound (D:4)
  A nameless horror (D:3)
  6 adders
  3 worms
  A dart slug (D:1)
  6 bats
  2 endoplasms (D:1)
  A giant cockroach (D:2)
  5 goblins
  4 jackals
  4 kobolds
  A quokka (D:4)
  5 ball pythons
  A frilled lizard (D:2)
  A rat (D:2)
42 creatures vanquished.

Grand Total: 64 creatures vanquished

Notes
Turn   | Place    | Note
-------+----------+-------------------------------------------
     0 | D:1      | themarg the Merfolk Summoner began the quest for the Orb.
     0 | D:1      | Reached XP level 1. HP: 13/13 MP: 3/3
   261 | D:1      | Reached XP level 2. HP: 15/19 MP: 3/5
   944 | D:1      | Reached XP level 3. HP: 18/24 MP: 3/6
  1460 | D:2      | Learned a level 3 spell: Call Canine Familiar
  1525 | D:2      | Found a blossoming altar of Fedhas.
  2280 | D:2      | Reached XP level 4. HP: 31/31 MP: 4/7
  2284 | D:2      | Learned a level 3 spell: Summon Guardian Golem
  2898 | D:2      | Found Udowk's Assorted Antiques.
  3220 | D:3      | Noticed a nameless horror
  4401 | D:3      | Killed a nameless horror
  4475 | D:3      | Noticed a sky beast
  5035 | D:3      | Reached XP level 5. HP: 36/36 MP: 9/9
  5421 | D:4      | Reached skill level 5 in Summonings
  5508 | D:4      | Reached skill level 1 in Short Blades
  5539 | D:4      | Noticed Menkaure
  5550 | D:4      | Noticed Natasha
  5579 | D:3      | Gained mutation: Your skin changes colour to match your
                  | surroundings (Stealth+). [potion of mutation]
  5579 | D:3      | Gained mutation: You are partially covered in iridescent
                  | scales. (AC +2) [potion of mutation]
  5579 | D:3      | Gained mutation: You passively map a small area around you.
                  | [potion of mutation]
  5583 | D:3      | HP: 1/36 [something (2)]
  5583 | D:3      | Slain by a sky beast

Illustrated notes

Levels and vault maps discovered:
D:1:      dpeg_arrival_simpleton_c, layout_basic
D:2:      layout_basic, serial_shops, shop, basic_altar, grunt_decor_one_mirror
D:3:      layout_loops_corners
D:4:      layout_rooms, nicolae_qazlal_scattered_showers,
          minmay_misc_feat_ornament, uniq_natasha, uniq_menkaure, uniq_grinder

Skill      XL: |  1  2  3  4  5 |
---------------+----------------+-----
Stealth        | 3 |  3.2
Dodging        | 3 |  3.0
Spellcasting   | 3 |  3.2
Summonings     | 5 |  5.0
Short Blades   | 1 |  1.2
Fighting       | |  0.8
Unarmed Combat | |  0.4

Action                   |  1- 3 |  4- 6 || total
-------------------------+-------+-------++-------
Melee: Unarmed           |    16 |       ||    16
       Club              |    11 |       ||    11
       Dagger            |    40 |   116 ||   156
       Punch             |       |     2 ||     2
 Cast: Summon Small Mamm |    41 |    16 ||    57
       Call Canine Famil |     4 |    22 ||    26
       Summon Guardian G |       |     1 ||     1
  Use: Potion            |     1 |     3 ||     4
 Stab: Sleeping          |     2 |     3 ||     5
Armor: Robe              |    12 |    26 ||    38
       Skin              |       |    26 ||    26
Dodge: Dodged            |    58 |    71 ||   129
